3A
MANCELONA TORCH @ GRAND FORKS CATERPILLARS
09/01/2028
 
TOP OF THE 1ST
Mancelona Torch batting - Pitching for Grand Forks Caterpillars : LHP Awad Mahmudnizhad
Pitching: LHP Awad Mahmudnizhad
Batting: RHB Tony Lugo 0-0: Reached on error, E5 (Groundball, 56)
Batting: RHB Bob Phillips 0-0: Ball
1-0: Swinging Strike
1-1: Foul Ball, location: 2F
1-2: Foul Ball, location: 2F
1-2: Foul Ball, location: 2F
1-2: Ball
2-2: Fly out, F5 (Popup, 5S)
Batting: RHB Kyle Vandenbrink 0-0: Ball
1-0: DOUBLE (Groundball, 5L)
Tony Lugo to third
Runner from 3rd tries for Home, SAFE, no throw
Batting: RHB Emílio Agramónte 0-0: Fly out, F6 (Line Drive, 6M)
Lined into DP, U6 (Line Drive, 6M)
Top of the 1st over - 1 run(s), 1 hit(s), 1 error(s), 0 left on base; Mancelona 1 - Grand Forks 0
BOTTOM OF THE 1ST
Grand Forks Caterpillars batting - Pitching for Mancelona Torch : RHP David Buchanan
Pitching: RHP David Buchanan
Batting: LHB Arana Sashi 0-0: Called Strike
0-1: Ball
1-1: Ball
2-1: Foul Ball, location: 2F
2-2: Strikes out swinging
Batting: RHB Craig Tricket 0-0: Ball
1-0: Called Strike
1-1: Foul Ball, location: 2F
1-2: Foul Ball, location: 2F
1-2: Foul Ball, location: 2F
1-2: Foul Ball, location: 2F
1-2: Strikes out swinging
Batting: SHB Juan Carlos Santos 0-0: Called Strike
0-1: Ball
1-1: Swinging Strike
1-2: Ball
2-2: Ball
3-2: Base on Balls
Batting: RHB Nelson Jaramillo 0-0: Ball
1-0: Ground out 5-3 (Groundball, 56S)
Bottom of the 1st over - 0 run(s), 0 hit(s), 0 error(s), 1 left on base; Mancelona 1 - Grand Forks 0
TOP OF THE 2ND
Mancelona Torch batting - Pitching for Grand Forks Caterpillars : LHP Awad Mahmudnizhad
Batting: RHB Ratko Ralevic 0-0: SINGLE (Groundball, 6MD)
Batting: LHB Jim Halpert 0-0: Ball
1-0: Ball
2-0: SINGLE (Groundball, 34) (infield hit)
Ratko Ralevic to second
Batting: LHB Alberto Hernández 0-0: Called Strike
0-1: Ball
1-1: Ground out 5-3 (Groundball, 25)
Ratko Ralevic to third
Jim Halpert to second
Batting: LHB Badry Maksimenov 0-0: Called Strike
0-1: Foul Ball, location: 2F
0-2: DOUBLE (Line Drive, 8RD)
Ratko Ralevic scores
Jim Halpert scores
Batting: LHB Yu-zeng Si 0-0: Foul Ball, location: 2F
0-1: Foul Ball, location: 2F
0-2: Strikes out swinging
Batting: RHB Tony Lugo 0-0: Ball
1-0: Ball
2-0: Ball
3-0: Base on Balls
Batting: RHB Bob Phillips 0-0: Called Strike
0-1: Ball
1-1: Fly out, F6 (Popup, 4MS)
Top of the 2nd over - 2 run(s), 3 hit(s), 0 error(s), 2 left on base; Mancelona 3 - Grand Forks 0
BOTTOM OF THE 2ND
Grand Forks Caterpillars batting - Pitching for Mancelona Torch : RHP David Buchanan
Batting: RHB Juan Rico 0-0: Called Strike
0-1: Ball
1-1: SINGLE (Flyball, 9LS)
Batting: LHB Ieyoshi Samurakami 0-0: Ball
1-0: Ball
2-0: Foul Ball, location: 2F
2-1: SINGLE (Groundball, 34D)
Juan Rico to second
Runner from 2nd tries for 3rd, SAFE, throw made to third
Batting: RHB Joaquín Lara 0-0: Ball
1-0: Called Strike
1-1: Swinging Strike
1-2: Ball
2-2: Ball
3-2: Strikes out swinging
Batting: RHB Moriz Ayushiev Pickoff Throw to First - Out!
0-0: SINGLE (Line Drive, 78S)
Juan Rico scores
Batting: RHB Hirotada Rin 0-0: Ball
1-0: Called Strike
1-1: Fielders Choice at 2nd, 4-6 (Groundball, 4)
Bottom of the 2nd over - 1 run(s), 3 hit(s), 0 error(s), 0 left on base; Mancelona 3 - Grand Forks 1
TOP OF THE 3RD
Mancelona Torch batting - Pitching for Grand Forks Caterpillars : LHP Awad Mahmudnizhad
Batting: RHB Kyle Vandenbrink 0-0: Ball
1-0: Foul Ball, location: 2F
1-1: Ball
2-1: Foul Ball, location: 2F
2-2: Foul Ball, location: 2F
2-2: SINGLE (Line Drive, 56D)
Batting: RHB Emílio Agramónte 0-0: Ball
1-0: Fly out, F8 (Flyball, 89M)
Batting: RHB Ratko Ralevic 0-0: SINGLE (Groundball, 4D)
Kyle Vandenbrink to second
Runner from 2nd tries for 3rd, SAFE, no throw
Batting: LHB Jim Halpert 0-0: Called Strike
0-1: Swinging Strike
0-2: Strikes out swinging
Batting: LHB Alberto Hernández 0-0: Foul Ball, location: 2F
0-1: Swinging Strike
0-2: Foul Ball, location: 2F
0-2: Foul Ball, location: 2F
0-2: Ball
1-2: Ball
2-2: Ball
3-2: Fly out, F6 (Line Drive, 6)
Top of the 3rd over - 0 run(s), 2 hit(s), 0 error(s), 2 left on base; Mancelona 3 - Grand Forks 1
BOTTOM OF THE 3RD
Grand Forks Caterpillars batting - Pitching for Mancelona Torch : RHP David Buchanan
Batting: LHB Arana Sashi 0-0: Called Strike
0-1: Foul Ball, location: 2F
0-2: Ball
1-2: Ball
2-2: Foul Ball, location: 2F
2-2: Ball
3-2: Strikes out looking
Batting: RHB Craig Tricket 0-0: Called Strike
0-1: Ball
1-1: Swinging Strike
1-2: Ball
2-2: Strikes out swinging
Batting: SHB Juan Carlos Santos 0-0: Ground out 1-3 (Groundball, P)
Bottom of the 3rd over - 0 run(s), 0 hit(s), 0 error(s), 0 left on base; Mancelona 3 - Grand Forks 1
TOP OF THE 4TH
Mancelona Torch batting - Pitching for Grand Forks Caterpillars : LHP Awad Mahmudnizhad
Batting: LHB Badry Maksimenov 0-0: Called Strike
0-1: Ball
1-1: Ball
2-1: Ball
3-1: Foul Ball, location: 2F
3-2: Base on Balls
Batting: LHB Yu-zeng Si 0-0: Foul Ball, location: 2F
0-1: Ball
1-1: Foul Ball, location: 2F
1-2: Ball
2-2: Foul Ball, location: 2F
2-2: Fly out, F8 (Flyball, 89M)
Batting: RHB Tony Lugo 0-0: Ground out 5-3 (Groundball, 56S)
Badry Maksimenov to second
Batting: RHB Bob Phillips 0-0: Called Strike
0-1: Ball
1-1: Called Strike
1-2: Foul Ball, location: 2F
1-2: Foul Ball, location: 2F
1-2: Foul Ball, location: 2F
1-2: Ball
2-2: Ball
3-2: SINGLE (Line Drive, 56D)
Badry Maksimenov to third
Badry Maksimenov scores
Batting: RHB Kyle Vandenbrink 0-0: Ground out 6-3 (Groundball, 6M)
Top of the 4th over - 1 run(s), 1 hit(s), 0 error(s), 1 left on base; Mancelona 4 - Grand Forks 1
BOTTOM OF THE 4TH
Grand Forks Caterpillars batting - Pitching for Mancelona Torch : RHP David Buchanan
Batting: RHB Nelson Jaramillo 0-0: Ball
1-0: Ball
2-0: Ball
3-0: Called Strike
3-1: Base on Balls
Batting: RHB Juan Rico 0-0: Ball
1-0: Ball
2-0: Ball
3-0: Base on Balls
Nelson Jaramillo to second
Batting: LHB Ieyoshi Samurakami 0-0: Foul Ball, location: 2F
0-1: Called Strike
0-2: Ball
1-2: Strikes out swinging
Batting: RHB Joaquín Lara 0-0: Fly out, F7 (Line Drive, 7)
Batting: RHB Moriz Ayushiev 0-0: Ball
1-0: Called Strike
1-1: Foul Ball, location: 2F
1-2: Foul Ball, location: 2F
1-2: Ball
2-2: Ball
3-2: Strikes out looking
Bottom of the 4th over - 0 run(s), 0 hit(s), 0 error(s), 2 left on base; Mancelona 4 - Grand Forks 1
TOP OF THE 5TH
Mancelona Torch batting - Pitching for Grand Forks Caterpillars : LHP Awad Mahmudnizhad
Batting: RHB Emílio Agramónte 0-0: SOLO HOME RUN (Flyball, 7D), Distance : 386 ft
Batting: RHB Ratko Ralevic 0-0: Fly out, F9 (Line Drive, 9LM)
Batting: LHB Jim Halpert 0-0: Ball
1-0: Fly out, F9 (Flyball, 9)
Batting: LHB Alberto Hernández 0-0: Ball
1-0: Ball
2-0: Foul Ball, location: 2F
2-1: Ball
3-1: Base on Balls
Batting: LHB Badry Maksimenov 0-0: Ball
1-0: Called Strike
Alberto Hernández steals 2nd base
1-1: Intentional Walk
Pitching: RHP José Meza
Batting: LHB Yu-zeng Si 0-0: Ball
1-0: Swinging Strike
1-1: Called Strike
1-2: Ball
2-2: Strikes out swinging
Top of the 5th over - 1 run(s), 1 hit(s), 0 error(s), 2 left on base; Mancelona 5 - Grand Forks 1
BOTTOM OF THE 5TH
Grand Forks Caterpillars batting - Pitching for Mancelona Torch : RHP David Buchanan
Batting: RHB Hirotada Rin 0-0: Called Strike
0-1: Swinging Strike
0-2: Ball
1-2: Foul Ball, location: 2F
1-2: Strikes out swinging
Batting: LHB Arana Sashi 0-0: Ball
1-0: Fly out, F8 (Flyball, 89D)
Batting: RHB Craig Tricket 0-0: Called Strike
0-1: Foul Ball, location: 2F
0-2: Ball
1-2: Ground out 6-3 (Groundball, 6)
Bottom of the 5th over - 0 run(s), 0 hit(s), 0 error(s), 0 left on base; Mancelona 5 - Grand Forks 1
TOP OF THE 6TH
Mancelona Torch batting - Pitching for Grand Forks Caterpillars : RHP José Meza
Batting: RHB Tony Lugo 0-0: Ball
1-0: Ground out 5-3 (Groundball, 56S)
Batting: RHB Bob Phillips 0-0: Foul Ball, location: 2F
0-1: Ball
1-1: Ball
2-1: Called Strike
2-2: Foul Ball, location: 2F
2-2: Ball
3-2: Ground out 6-3 (Groundball, 6S)
Batting: RHB Kyle Vandenbrink 0-0: Foul Ball, location: 2F
0-1: Foul Ball, location: 2F
0-2: SINGLE (Groundball, 34D)
Batting: RHB Emílio Agramónte 0-0: Called Strike
Kyle Vandenbrink is caught stealing 2nd base
Top of the 6th over - 0 run(s), 1 hit(s), 0 error(s), 0 left on base; Mancelona 5 - Grand Forks 1
BOTTOM OF THE 6TH
Grand Forks Caterpillars batting - Pitching for Mancelona Torch : RHP David Buchanan
Batting: SHB Juan Carlos Santos 0-0: Called Strike
0-1: Fly out, F8 (Flyball, 78M)
Batting: RHB Nelson Jaramillo 0-0: Called Strike
0-1: Fly out, F7 (Flyball, 7S)
Batting: RHB Juan Rico 0-0: Foul Ball, location: 2F
0-1: Ball
1-1: Ground out 5-3 (Groundball, 5)
Bottom of the 6th over - 0 run(s), 0 hit(s), 0 error(s), 0 left on base; Mancelona 5 - Grand Forks 1
TOP OF THE 7TH
Mancelona Torch batting - Pitching for Grand Forks Caterpillars : RHP José Meza
Batting: RHB Emílio Agramónte 0-0: Foul Ball, location: 2F
0-1: Ground out 5-3 (Groundball, 56)
Batting: RHB Ratko Ralevic 0-0: Ball
1-0: Ball
2-0: Ball
3-0: Swinging Strike
3-1: Base on Balls
Batting: LHB Jim Halpert 0-0: Ball
1-0: Ball
2-0: Called Strike
2-1: Ball
3-1: Foul Ball, location: 2F
3-2: Fly out, F7 (Flyball, 7LS)
Batting: LHB Alberto Hernández 0-0: Called Strike
0-1: Ball
1-1: Ball
2-1: Foul Ball, location: 2F
2-2: Foul Ball, location: 2F
2-2: Fielders Choice at 2nd, 4-6 (Groundball, 4)
Top of the 7th over - 0 run(s), 0 hit(s), 0 error(s), 0 left on base; Mancelona 5 - Grand Forks 1
BOTTOM OF THE 7TH
Grand Forks Caterpillars batting - Pitching for Mancelona Torch : RHP David Buchanan
Batting: LHB Ieyoshi Samurakami 0-0: Ball
1-0: Ball
2-0: Called Strike
2-1: Fly out, F8 (Line Drive, 8LD)
Pitching: RHP Iván Escobar
Batting: RHB Joaquín Lara 0-0: Ground out 6-3 (Groundball, 6)
Batting: RHB Moriz Ayushiev 0-0: Foul Ball, location: 2F
0-1: Swinging Strike
0-2: Ball
1-2: Foul Ball, location: 2F
1-2: Strikes out swinging
Bottom of the 7th over - 0 run(s), 0 hit(s), 0 error(s), 0 left on base; Mancelona 5 - Grand Forks 1
TOP OF THE 8TH
Mancelona Torch batting - Pitching for Grand Forks Caterpillars : RHP José Meza
Batting: LHB Badry Maksimenov 0-0: Foul Ball, location: 2F
0-1: Called Strike
0-2: Ball
1-2: Ball
2-2: Strikes out swinging
Batting: LHB Yu-zeng Si 0-0: Ball
1-0: Called Strike
1-1: Ball
2-1: Fly out, F3 (Popup, 3L)
Batting: RHB Tony Lugo 0-0: Fly out, F5 (Popup, 5D)
Top of the 8th over - 0 run(s), 0 hit(s), 0 error(s), 0 left on base; Mancelona 5 - Grand Forks 1
BOTTOM OF THE 8TH
Grand Forks Caterpillars batting - Pitching for Mancelona Torch : RHP Iván Escobar
Batting: RHB Hirotada Rin 0-0: Hit by Pitch
Batting: LHB Arana Sashi 0-0: Fielders Choice at 2nd, 4-6 (Groundball, 4M)
Batting: RHB Craig Tricket 0-0: Called Strike
0-1: Called Strike
0-2: Foul Ball, location: 2F
0-2: SINGLE (Groundball, 34D)
Arana Sashi to second
Runner from 2nd tries for 3rd, SAFE, no throw
Pitching: RHP Rhett Abbott
Batting: SHB Juan Carlos Santos 0-0: Ball
1-0: Ball
2-0: Swinging Strike
2-1: Called Strike
2-2: Strikes out swinging
Batting: RHB Nelson Jaramillo 0-0: Called Strike
0-1: Ball
1-1: Called Strike
1-2: Foul Ball, location: 2F
1-2: Ball
2-2: Ball
3-2: Foul Ball, location: 2F
3-2: Strikes out swinging
Bottom of the 8th over - 0 run(s), 1 hit(s), 0 error(s), 2 left on base; Mancelona 5 - Grand Forks 1
TOP OF THE 9TH
Mancelona Torch batting - Pitching for Grand Forks Caterpillars : RHP José Meza
Batting: RHB Bob Phillips 0-0: Called Strike
0-1: Ground out 6-3 (Groundball, 6)
Batting: RHB Kyle Vandenbrink 0-0: Ball
1-0: Foul Ball, location: 2F
1-1: Swinging Strike
1-2: Ball
2-2: Foul Ball, location: 2F
2-2: Ball
3-2: Foul Ball, location: 2F
3-2: Foul Ball, location: 2F
3-2: Foul Ball, location: 2F
3-2: Ground out 6-3 (Groundball, 6)
Pitching: RHP Georg von Trapp
Batting: RHB Emílio Agramónte 0-0: Swinging Strike
0-1: Swinging Strike
0-2: Fly out, F8 (Flyball, 8LS)
Top of the 9th over - 0 run(s), 0 hit(s), 0 error(s), 0 left on base; Mancelona 5 - Grand Forks 1
BOTTOM OF THE 9TH
Grand Forks Caterpillars batting - Pitching for Mancelona Torch : RHP Rhett Abbott
Pitching: LHP Geoffroy Cadaloba
Batting: RHB Juan Rico 0-0: Ball
1-0: Ball
2-0: Ball
3-0: Called Strike
3-1: Swinging Strike
3-2: Strikes out swinging
Batting: LHB Ieyoshi Samurakami 0-0: Ball
1-0: Called Strike
1-1: Foul Ball, location: 2F
1-2: Ground out 3-1 (Groundball, 34)
Batting: RHB Joaquín Lara 0-0: Called Strike
0-1: Ball
1-1: Foul Ball, location: 2F
1-2: Foul Ball, location: 2F
1-2: Ball
2-2: Foul Ball, location: 2F
2-2: Strikes out looking
Bottom of the 9th over - 0 run(s), 0 hit(s), 0 error(s), 0 left on base; Mancelona 5 - Grand Forks 1
Thursday, August 31st, 2017 - OOTP Baseball 17.12 Build 75